[Event "ESP-chT Honor Division 2022"]
[Site "Linares"]
[Date "2022.09.19"]
[Round "3.12"]
[White "Ambartsumova, Karina"]
[Black "Llorente Zaro, Alfonso"]
[Result "1/2-1/2"]
[ECO "E04"]
[WhiteElo "2386"]
[BlackElo "2448"]
[Annotator "TA"]
[PlyCount "156"]
[EventDate "2022.09.17"]
[EventType "team-tourn"]
[EventCountry "ESP"]
[SourceTitle "playchess.com"]
[Source "ChessBase"]
[SourceQuality "1"]
[TimeControl "5400+30"]

1. Nf3 Nf6 2. c4 e6 3. g3 d5 4. d4 dxc4 5. Bg2 Nc6 6. Qa4 Bb4+ 7. Bd2 Nd5 {[%emt 0:00:28] BESTDEEP} 8. Ne5 {[%emt 0:08:47] RELBLUND 51 (Bd2xb4) (=51). E04: Open Catalan: 5 Nf3.} (8. Bxb4 $142 Ndxb4 9. O-O) 8... Bd7 $11 {[%emt 0:08:46] EASY} 9. Nxd7 {[%emt 0:10:33] BESTDEEP} Qxd7 {[%emt 0:00:43] RECAPT} (9... Kxd7 10. Bxb4 Ndxb4 11. Nc3 $16) 10. Bxb4 {[%emt 0:09:28] CPLX 3.4 43 (e2-e3) (=31)} Ncxb4 {[%emt 0:05:18] Pair of Knights! RECAPT} ({Much weaker is} 10... Ndxb4 11. Nc3 $11) 11. Qd1 {[%emt 0:02:09] BESTDEEP} O-O {[%emt 0:06:50] CPLX 2.4 22 (Ra8-d8) (=4)} 12. O-O {[%emt 0:02:15] [#] BESTDEEP} Rfd8 $146 {[%emt 0:10:41][%cal Oc7c5] CPLX 2.4 18 (Ra8-d8) (=7)} ({Predecessor:} 12... Rad8 13. e3 e5 14. dxe5 Nd3 15. Qc2 Nxe5 16. Na3 Qg4 17. h3 Qe6 18. b3 cxb3 19. Qxb3 {½-½ (69) Berg,K (2390)-Pedersen,N Farum 1993}) 13. Qc1 {[%emt 0:15:24] BESTDEEP} b5 {[%emt 0:14:07] CPLX 2.4} 14. Nd2 {[%emt 0:08:59] CPLX 2.4 49 (b2-b3) (=20)} (14. b3 $15 {should be considered.}) 14... Rac8 {[%emt 0:05:42] CPLX 2.4 38 (a7-a5) (=10)} 15. Ne4 {[%emt 0:00:55] BESTDEEP} Nf6 {[%emt 0:02:19] CPLX 2.4 48 (Qd7-e7) (=14)} (15... Qe7 $15) 16. Nxf6+ {[%emt 0:02:51] CPLX 2.6} gxf6 {[%emt 0:00:10] RECAPT} 17. Qc3 {[%emt 0:01:44] RELBLUND 53 (Rf1-d1) (=20)} (17. Rd1 $11) 17... Nd5 $15 {[%emt 0:02:59] CPLX 2.7} 18. Qf3 {[%emt 0:00:19][%cal Oa2a4] CPLX 2.7} Qe7 {[%emt 0:06:06] CPLX 2.6 42 (f6-f5) (=14)} 19. Rad1 {[%emt 0:02:33] CPLX 2.7 35 (b2-b3) (=19)} Rd7 {[%emt 0:07:08] CPLX 2.6 19 (f6-f5) (=14)} 20. a3 {[%emt 0:04:40] CPLX 2.6 49 (b2-b3) (=22)} (20. b3 $15) 20... Rcd8 {[%emt 0:03:19] CPLX 2.7 30 (f6-f5) (=16)} 21. e4 {[%emt 0:02:55] CPLX 2.7} Nb6 {[%emt 0:00:05] EASY} 22. d5 {[%emt 0:01:08] BESTDEEP} Na4 {[%emt 0:05:30] CPLX 2.8 64 (a7-a6) (=18)} (22... a6 $15) 23. dxe6 $11 {[%emt 0:02:41] BESTDEEP} fxe6 {[%emt 0:00:48] CPLX 3.7 0 (Rd7-d3) (=17)} 24. Rxd7 {[%emt 0:01:43] CPLX 2.9} Rxd7 {[%emt 0:00:01] RECAPT} 25. e5 {[%emt 0:01:15] CPLX 2.4} f5 {[%emt 0:01:56] CPLX 3.6} 26. Qe3 $2 {[%emt 0:00:58] RELBLUND 160 (Qf3-c6) (=23)} (26. Qc6 $11) 26... Qc5 {[%emt 0:05:29] RELBLUND 140 (Na4-c5) (=21)} ({Worse is} 26... Nxb2 27. Qxa7 Nd3 28. Bc6 $11) ({Black should play} 26... Nc5 $17 {...Rd3 is the strong threat.} 27. Re1 Rd3) 27. Qg5+ {[%emt 0:01:12] EASY} Rg7 {[%emt 0:00:01] CPLX 2.5} 28. Qd8+ {[%emt 0:00:23] CPLX 4.0 40 (Qg5-h6) (=23)} Qf8 {[%emt 0:00:01] EASY} 29. Qd4 {[%emt 0:00:47] CPLX 3.0} Nc5 {[%emt 0:01:07][%cal Of5f4] CPLX 2.3 44 (a7-a6) (=20)} (29... a6 $5 ) 30. Bc6 {[%emt 0:00:15] MISSDEEP-a3-a4 122 (a3-a4) (=26)} (30. a4 $1 $11 Nxa4 31. Qxa7) 30... a6 $17 {[%emt 0:00:16] CPLX 2.5=>BLUNDERREACT} 31. Rd1 {[%emt 0:00:42] CPLX 2.5 0 (Kg1-g2) (=25)} h6 {[%emt 0:00:50] CPLX 2.5 38 (f5-f4) (=20)} 32. Kg2 {[%emt 0:00:45] CPLX 2.5 29 (Qd4-d8) (=25)} Kh7 {[%emt 0:00:25] CPLX 2.6 8 (f5-f4) (=20)} 33. f4 {[%emt 0:00:45] CPLX 2.6 5 (Kg2-f1) (=24)} Nd3 {[%emt 0:01:25] CPLX 2.7 30 (h6-h5) (=20)} 34. Rd2 {[%emt 0:00:02] CPLX 3.2 53 (a3-a4) (=26)} (34. a4 $15) 34... Nc5 {[%emt 0:01:24] CPLX 3.4 113 (h6-h5) (=23)} 35. Rd1 $1 {[%emt 0:00:04] RELBLUND=>BLUNDERREACT} Qe7 {[%emt 0:00:06] CPLX 2.7 23 (h6-h5) (=23)} 36. Qc3 {[%emt 0:01:18] CPLX 2.8 96 (Qd4-e3) (=27)} (36. Qe3 $17 {might work better.}) 36... Nd3 $19 {[%emt 0:00:45] EASY} 37. Qd4 {[%emt 0:00:35] CPLX 3.9} Rg8 {[%emt 0:00:32][%cal Bg7g8,Bg8d8,Bd8d4][%mdl 32] BESTDEEP} 38. Rd2 {[%emt 0:00:07] BESTDEEP} Rd8 {[%emt 0:01:00] CPLX 3.9 6 (h6-h5) (=21)} 39. Qe3 {[%emt 0:00:02] [#] EASY} Kg7 {[%emt 0:00:45] MISSDEEP-b5-b4 76 (b5-b4) (=23)} (39... b4 $1 $19 40. axb4 Qxb4) 40. Kg1 {[%emt 0:00:19] CPLX 3.0 71 (b2-b4) (=26)} (40. b4 $17) 40... b4 {[%emt 0:00:17] BESTDEEP} 41. axb4 {[%emt 0:00:44] CPLX 3.0} Qxb4 {[%emt 0:00:02] RECAPT} 42. Bf3 {[%emt 0:01:15] CPLX 3.3 27 (Bc6-g2) (=25)} c5 {[%emt 0:01:09] RELBLUND 120 (a6-a5) (=24)} (42... a5 $19 {And now ...Kf7 would win.} 43. h3 Rb8) 43. Be2 $2 {[%emt 0:00:16][%mdl 8192] RELBLUND 400 (g3-g4) (=36)} (43. g4 $1 $15 fxg4 44. Bxg4) 43... Rd4 {[%emt 0:00:04] [#] Hoping for ...Re4. MISS-Nd3xf4 90 (Nd3xf4) (=26)} 44. Bxd3 {[%emt 0:00:24] BESTDEEP} cxd3 {[%emt 0:00:12][%mdl 4096] Endgame KQR-KQR. RECAPT} 45. Qf2 {[%emt 0:00:57] CPLX 2.9} Qc4 {[%emt 0:00:57] CPLX 2.8} 46. Kg2 {[%emt 0:00:16] CPLX 2.7 128 (Qf2-f1) (=36)} Qd5+ {[%emt 0:00:54] CPLX 3.0} 47. Kh3 {[%emt 0:00:26] CPLX 3.3 75 (Qf2-f3) (=37)} Qe4 {[%emt 0:00:24] CPLX 3.1 97 (a6-a5) (=26)} 48. b3 {[%emt 0:00:16] CPLX 3.3 248 (Qf2-f1) (=42)} (48. Qf1 $142 Qe3 49. Qh1) 48... Qb7 {[%emt 0:00:27] CPLX 3.2 173 (a6-a5) (=30)} 49. Ra2 {[%emt 0:01:01] CPLX 3.2 282 (g3-g4) (=48)} Qd7 {[%emt 0:00:55] MISS-Qb7xb3 131 (Qb7xb3) (=32)} 50. Qd2 {[%emt 0:00:04] CPLX 3.0 0 (Ra2-d2) (=47)} Qb5 {[%emt 0:00:24] CPLX 2.9 70 (a6-a5) (=33)} 51. Qd1 {[%emt 0:00:41] CPLX 2.9 0 (Qd2-c1) (=46)} Kg6 {[%emt 0:00:31] CPLX 2.9 256 (a6-a5) (=38)} (51... a5 $142 52. Rd2 c4) 52. Rg2 $2 {[%emt 0:00:39] CPLX 3.6 268 (Ra2-d2) (=51)} (52. Rd2) 52... Kh7 {[%emt 0:00:40] CPLX 3.3 31 (a6-a5) (=38)} 53. Rd2 {[%emt 0:00:36] CPLX 2.7 132 (Rg2-a2) (=53)} a5 {[%emt 0:00:16] CPLX 2.6} 54. Rg2 {[%emt 0:00:26] CPLX 2.6 165 (Qd1-h1) (=55)} Qd7 {[%emt 0:00:26] CPLX 2.6 60 (a5-a4) (=37)} 55. Rd2 {[%emt 0:00:26] BESTDEEP} a4 {[%emt 0:00:33] DEEPSTRONG} 56. bxa4 {[%emt 0:00:11] CPLX 2.8} c4 {[%emt 0:00:08] EASY} 57. Qa1 {[%emt 0:00:20] EASY} Re4 {[%emt 0:00:21] CPLX 2.8 23 (Rd4-d5) (=35)} 58. a5 {[%emt 0:00:54] CPLX 2.8 198 (Qa1-d1) (=54)} Re2 $2 {[%emt 0:00:28] CPLX 2.9 400 (Qd7-e8) (=43)} ({Black should try} 58... Qe8 $19 59. Kg2 Qc6) 59. Rxe2 $11 {[%emt 0:00:18] EASY} dxe2 {[%emt 0:00:01] KQ-KQ. RECAPT} 60. a6 $1 {[%emt 0:00:40] DEEPSTRONG} Qa7 {[%emt 0:01:33] MISS-Qd7-d1 0 (Qd7-d1) (=41)} (60... Qd1 $5 61. Qa3 $8 Qh1 $11) 61. Kg2 Kg6 (61... Qe3 $5 62. a7 $8 (62. Qe1 $2 c3 $19) 62... e1=R 63. Qxe1 Qxe1 $11) 62. Qe1 Qxa6 {[%emt 0:00:35] aiming for ...Qc6+.} 63. Qxe2 Qc8 64. g4 $2 {[%emt 0:01:07][%mdl 8192] Inhibits h5.} (64. Qc2 $11 {and White stays safe.}) 64... Qb7+ $19 65. Kg3 Qb3+ 66. Kh4 $2 (66. Kf2) 66... Qd3 67. gxf5+ Kxf5 68. Qg4+ Ke4 69. Qxe6 Kxf4 {[%emt 0:00:46] Threatens to win with ...c3.} 70. Qf6+ Qf5 71. Qxh6+ Kxe5 72. Kg3 {[%emt 0:00:41] Inhibits Qf4+.} Qd3+ $2 (72... Ke4 $19 {( -> ...Qf3+)} 73. Qc6+ Kd3) 73. Kf2 $11 {[%emt 0:00:26] The position is equal.} c3 {[%emt 0:00:38] White must now prevent ...c2.} 74. Qe3+ Qxe3+ 75. Kxe3 Kf5 76. Kd3 Kg4 77. Kxc3 Kh3 78. Kd4 Kxh2 {White happily takes the draw.  Weighted Error Value: White=0.58/Black=0.51} 1/2-1/2

[Event "ESP-chT Honor Division 2022"]
[Site "Linares"]
[Date "2022.09.19"]
[Round "3.13"]
[White "Fedoseev, Vladimir"]
[Black "Gines Esteo, Pedro Antonio"]
[Result "1-0"]
[ECO "C65"]
[WhiteElo "2685"]
[BlackElo "2505"]
[Annotator "TA"]
[PlyCount "155"]
[EventDate "2022.09.17"]
[EventType "team-tourn"]
[EventCountry "ESP"]
[SourceTitle "playchess.com"]
[Source "ChessBase"]
[SourceQuality "1"]
[TimeControl "5400+30"]

1. e4 e5 2. Nf3 Nc6 3. Bb5 Nf6 4. d3 Bc5 5. c3 O-O {[%emt 0:00:27] CPLX 2.2 17 (d7-d5) (=17)} 6. Bg5 {[%emt 0:02:48] CPLX 2.4 6 (0-0) (=6). C65: Ruy Lopez: Berlin Defence (3...Nf6), unusual lines and 4 0-0 Bc5.} d6 {[%emt 0:03:21] CPLX 2.6 13 (h7-h6) (=15)} 7. Nbd2 {[%emt 0:00:23] CPLX 2.7} h6 {[%emt 0:03:36] CPLX 2.6 6 (Qd8-e7) (=12)} 8. Bh4 {[%emt 0:00:10] BESTDEEP. White has an edge.} g5 {[%emt 0:01:29] CPLX 2.5 2 (a7-a6) (=10)} 9. Bg3 {[%emt 0:00:17] CPLX 2.8 21 (Nf3xg5) (=7)} Nh5 {[%emt 0:04:41] BESTDEEP} 10. a4 {[%emt 0:08:00] [#] CPLX 2.6 30 (0-0) (=11)} a5 $146 {[%emt 0:08:22] CPLX 2.6 40 (a7-a6) (=13)} (10... a6 $5 11. Bxc6 bxc6 $11) ({Predecessor:} 10... a6 11. Bc4 Qf6 12. Qe2 g4 13. Nh4 Nf4 14. Bxf4 exf4 15. g3 f3 16. Qd1 Ne5 {1-0 (58) Firouzja,A (2607)-Cheparinov,I (2709) St Petersburg 2018}) 11. Bxc6 {[%emt 0:08:34] CPLX 2.5 29 (Nd2-b3) (=14)} bxc6 {[%emt 0:00:32] RECAPT} 12. d4 {[%emt 0:04:26] CPLX 2.4} exd4 {[%emt 0:01:45] CPLX 2.9 10 (Nh5xg3) (=11)} 13. Nxd4 {[%emt 0:00:02] RECAPT} Ng7 {[%emt 0:35:06] CPLX 2.8 29 (Nh5xg3) (=13)} 14. O-O {[%emt 0:09:13] BESTDEEP} f5 {[%emt 0:04:07] BESTDEEP} 15. f3 {[%emt 0:01:21] CPLX 3.1 0 (Qd1-b3) (=9)} ({Much worse is} 15. Nxc6 Qe8 16. Nxa5 (16. Qb3+ $2 Kh8 $19) 16... f4 $17) 15... fxe4 {[%emt 0:06:34] CPLX 3.2 37 (Qd8-e8) (=14)} 16. Nxe4 {[%emt 0:00:13] RECAPT} Bxd4+ {[%emt 0:00:08] CPLX 3.3 1 (Bc5-b6) (=13)} 17. Qxd4 {[%emt 0:01:19] RECAPT 0 (c3xd4) (=7)} c5 {[%emt 0:01:52] CPLX 3.7 13 (Ng7-f5) (=13)} 18. Qd3 {[%emt 0:00:30][%cal Ob2b4] CPLX 3.9 35 (Qd4-d2) (=9)} Bf5 {[%emt 0:00:37] BESTDEEP} 19. Rad1 {[%emt 0:00:45] CPLX 3.6 4 (Qd3-d2) (=9)} Qe8 {[%emt 0:02:43] BESTDEEP} 20. Rfe1 {[%emt 0:03:17][%cal Oe4f6] Hoping for Nf6+! CPLX 3.7 8 (Rd1-e1) (=9)} Qg6 {[%emt 0:04:42] Inhibits Nf6+. CPLX 3.7 24 (Qe8-f7) (=12)} 21. Qd5+ {[%emt 0:00:29] CPLX 3.6 36 (b2-b4) (=11)} (21. b4 {looks sharper.} axb4 22. cxb4 cxb4 23. Qb3+) 21... Qf7 {[%emt 0:03:15] BESTDEEP} 22. Qd2 {[%emt 0:05:01] CPLX 3.2 16 (Ne4-f6) (=11)} (22. Nf6+ $5 Kh8 23. Ng4 $11) 22... Rae8 {[%emt 0:00:22] RELBLUND 60 (Ra8-b8) (=14)} (22... Rab8 $11) 23. Rf1 {[%emt 0:02:42] RELBLUND 86 (b2-b4) (=15)} (23. b4 $1 $14) 23... Qc4 {[%emt 0:08:07] [#] RELBLUND 60 (Qf7-a2) (=16)} (23... Qa2 $15) 24. Bxd6 $1 $11 {[%emt 0:02:34] DEEPSTRONG} cxd6 {[%emt 0:00:18] RECAPT} 25. Nxd6 {[%emt 0:00:06] RECAPT} Qxa4 {[%emt 0:02:29] EASY} 26. Nxe8 {[%emt 0:00:15] EASY} Rxe8 {[%emt 0:00:11] RECAPT} 27. Rfe1 {[%emt 0:01:18] BESTDEEP} Rxe1+ {[%emt 0:01:53] CPLX 3.9 37 (Kg8-h7) (=15)} 28. Rxe1 {[%emt 0:00:16] RECAPT} Qd7 {[%emt 0:00:43] Against Qd5+. CPLX 2.9 44 (Bf5-e6) (=16)} 29. Qxd7 {[%emt 0:00:57] CPLX 3.3} Bxd7 {[%emt 0:00:01] RECAPT} 30. Re7 {[%emt 0:00:00] CPLX 2.4} Be6 {[%emt 0:00:42] CPLX 2.8} 31. Ra7 {[%emt 0:00:14][%mdl 1024] White has strong compensation. CPLX 2.7} c4 {[%emt 0:00:05] CPLX 2.7} 32. Kf2 {[%emt 0:00:31] White is more active. CPLX 2.8} Nf5 {[%emt 0:00:27] CPLX 2.8} 33. g3 {[%emt 0:00:41] CPLX 2.8 0 (Ra7xa5) (=10)} Kf8 {[%emt 0:00:47] CPLX 2.8 0 (a5-a4) (=14)} 34. Ke2 {[%emt 0:06:28] CPLX 2.8 7 (Ra7xa5) (=10)} a4 {[%emt 0:01:46] CPLX 2.8 7 (h6-h5) (=13)} 35. Kf2 {[%emt 0:01:01] CPLX 2.8 23 (g3-g4) (=10)} Kg8 {[%emt 0:03:57] CPLX 2.8 23 (h6-h5) (=14)} 36. Rxa4 {[%emt 0:03:41] CPLX 2.8} Kf7 {[%emt 0:00:11] CPLX 2.5} 37. Ra1 {[%emt 0:00:43] CPLX 2.5 23 (g3-g4) (=10)} Kf6 {[%emt 0:00:20] CPLX 2.4 23 (h6-h5) (=14)} 38. Rd1 {[%emt 0:00:10] CPLX 2.5 23 (g3-g4) (=11)} (38. g4 $5 Nd6 39. Rd1 $16) 38... h5 {[%emt 0:01:31] CPLX 2.6} 39. Rd8 {[%emt 0:00:54] BESTDEEP} g4 {[%emt 0:00:28] CPLX 2.6} 40. Rb8 {[%emt 0:01:40] CPLX 2.9 0 (f3-f4) (=10)} Bd5 {[%emt 0:00:45] CPLX 2.8} 41. Rb6+ {[%emt 0:00:16] CPLX 2.9 0 (Rb8-f8) (=10)} Kf7 {[%emt 0:00:15] BESTDEEP} 42. f4 {[%emt 0:01:26] CPLX 3.0 0 (Rb6-b5) (=9)} Be6 {[%emt 0:00:11] BESTDEEP} 43. Rb5 {[%emt 0:00:39] CPLX 2.8 0 (Rb6-b4) (=9)} Kf6 {[%emt 0:00:16] CPLX 2.8} 44. Re5 {[%emt 0:00:08] CPLX 2.9 0 (Kf2-e2) (=9)} Bf7 {[%emt 0:01:06] CPLX 3.1 0 (Kf6-f7) (=11)} 45. Kg2 {[%emt 0:02:21] CPLX 3.1 0 (Re5-a5) (=9)} Be6 {[%emt 0:00:04] CPLX 3.1} 46. Kf2 {[%emt 0:00:46] CPLX 3.2 50 (Re5-c5) (=10)} Bf7 $1 {[%emt 0:00:04] CPLX 3.1} 47. Rb5 {[%emt 0:00:12] CPLX 3.1 50 (Re5-a5) (=11)} Be6 {[%emt 0:00:25] CPLX 2.9} 48. Rb6 {[%emt 0:00:07] CPLX 2.9 50 (Rb5-c5) (=12)} Kf7 $1 {[%emt 0:00:16] RELBLUND} 49. Ke2 {[%emt 0:00:04] CPLX 2.8 16 (Rb6-a6) (=12)} Ke7 {[%emt 0:00:33] CPLX 2.8 0 (h5-h4) (=10)} 50. Kd2 {[%emt 0:00:37] CPLX 2.8 42 (Rb6-b7) (=12)} Kf7 {[%emt 0:00:16] CPLX 2.7 42 (Ke7-f6) (=11)} 51. Rb8 {[%emt 0:01:11] CPLX 2.8 36 (Rb6-b5) (=13)} Kf6 {[%emt 0:00:11] CPLX 2.8 36 (h5-h4) (=11)} 52. Ra8 {[%emt 0:01:02] CPLX 2.8 50 (Rb8-h8) (=14)} (52. Rh8 $14) 52... Kg7 {[%emt 0:00:24] CPLX 2.8 50 (h5-h4) (=12)} ({Black should play} 52... h4 $11) 53. Ra5 {[%emt 0:00:47] CPLX 2.7 0 (Ra8-e8) (=13)} Kf6 {[%emt 0:00:10] CPLX 2.8} 54. Rb5 {[%emt 0:00:10] CPLX 2.9 50 (Kd2-e1) (=14)} (54. Ke1 $14) 54... Kf7 {[%emt 0:00:25] CPLX 2.8 50 (h5-h4) (=12)} (54... h4 $11) 55. Rb6 {[%emt 0:00:07] CPLX 2.8 29 (Kd2-e1) (=14)} Ke7 {[%emt 0:00:27] CPLX 2.8 29 (h5-h4) (=13)} 56. Ke2 {[%emt 0:02:11] CPLX 2.8 0 (Rb6-b7) (=14)} Kf7 {[%emt 0:00:11] CPLX 2.8 16 (h5-h4) (=13)} 57. b4 {[%emt 0:02:29] RELBLUND 74 (Ke2-f2) (=15)} (57. Kf2 $14) 57... cxb3 {[%emt 0:00:15] EASY} 58. Kd3 {[%emt 0:00:01] Against Bc4+. CPLX 3.2} h4 {[%emt 0:02:08] BESTDEEP} 59. gxh4 {[%emt 0:00:14] EASY} Nxh4 {[%emt 0:00:00] RECAPT} 60. Ke3 {[%emt 0:00:40] CPLX 3.2 0 (Kd3-e4) (=14)} Ke7 {[%emt 0:02:21] BESTDEEP} 61. Ke4 (61. Rb4 $11 {keeps the balance.}) 61... Bf5+ (61... Kd7 $17) 62. Kd5 Nf3 (62... Bc2 $5 63. Rb7+ Kd8 $17) 63. c4 Nxh2 64. Rxb3 Nf3 {[%emt 0:00:11] Threatens to win with ...Be6+.} 65. Re3+ Kf6 66. c5 Bc8 67. c6 {[%emt 0:00:17] Re8 would kill now.} Kf5 $2 {[%emt 0:00:28][%mdl 8192] [#]} (67... Nh4 $11) 68. Re8 Ba6 69. Ra8 Bd3 70. Rf8+ Kg6 71. c7 {[%emt 0:00:02] White mates.} Ba6 72. Kc5 Kg7 73. Ra8 Bb7 74. Rb8 Ba6 75. Kb6 g3 76. Kxa6 g2 77. c8=Q g1=Q 78. Qd7+ {[%emt 0:00:15] Weighted Error Value: White=0.17 (very precise) /Black=0.14 (very precise)} 1-0

[Event "ESP-chT Honor Division 2022"]
[Site "Linares"]
[Date "2022.09.19"]
[Round "3.14"]
[White "Ayats Llobera, Gerard"]
[Black "Tabatabaei, M. Amin"]
[Result "1/2-1/2"]
[ECO "C88"]
[WhiteElo "2451"]
[BlackElo "2651"]
[Annotator "TA"]
[PlyCount "59"]
[EventDate "2022.09.17"]
[EventType "team-tourn"]
[EventCountry "ESP"]
[SourceTitle "playchess.com"]
[Source "ChessBase"]
[SourceQuality "1"]
[TimeControl "5400+30"]

1. e4 e5 2. Nf3 Nc6 3. Bb5 a6 4. Ba4 Nf6 5. O-O Be7 6. Re1 b5 7. Bb3 O-O 8. a4 Bb7 9. Nc3 Na5 10. Ba2 b4 11. Nd5 {[%emt 0:00:23] EASY} b3 {[%emt 0:05:59] CPLX 2.5 34 (Rf8-e8) (=34). C88: Closed Ruy Lopez: Anti-Marshall Systems.} 12. Nxe7+ {[%emt 0:04:47] BESTDEEP} Qxe7 {[%emt 0:00:33] RECAPT} 13. cxb3 {[%emt 0:01:47] CPLX 2.6} Bxe4 {[%emt 0:05:53] [#] CPLX 2.2. White is slightly better.} 14. Nxe5 {[%emt 0:07:54] BESTDEEP} Qxe5 {[%emt 0:01:54] RECAPT} 15. d3 {[%emt 0:01:03] EASY} d5 {[%emt 0:01:28][%cal Oa5c6] CPLX 4.5 15 (Na5-c6) (=10)} 16. Bd2 {[%emt 0:08:30] DEEPSTRONG} Nc6 {[%emt 0:00:53][%cal Oe5b2] [#] CPLX 4.6} 17. dxe4 $146 {[%emt 0:00:35] CPLX 4.4} ({Predecessor:} 17. Rc1 Nd4 18. dxe4 dxe4 19. Rc4 Rad8 20. Bc3 c5 21. b4 Qe7 22. Qc1 Ng4 23. Qf4 cxb4 24. Bxd4 {1-0 (24) Filipenko,A (2335)-Zakharov,A Kazan 1980}) 17... dxe4 {[%emt 0:06:17] RECAPT} 18. Bc3 {[%emt 0:01:32] CPLX 2.9 19 (Ra1-c1) (=2)} Qf5 {[%emt 0:00:25] CPLX 3.3} 19. Bxf6 {[%emt 0:08:51] CPLX 3.0 30 (Ba2-b1) (=5)} Qxf6 {[%emt 0:00:17] RECAPT} 20. Rxe4 {[%emt 0:01:18] CPLX 2.5} Qxb2 {[%emt 0:22:18] CPLX 2.5 0 (a6-a5) (=5)} 21. Qc1 {[%emt 0:22:54] CPLX 2.8} Qf6 {[%emt 0:00:27] EASY} 22. b4 $36 {[%emt 0:01:28][%mdl 2048] next Bd5 is good for White. White has good play. BESTDEEP} Rae8 {[%emt 0:03:10] CPLX 3.0} 23. Rf4 {[%emt 0:04:28] CPLX 3.4} Qe5 {[%emt 0:02:12] CPLX 3.3 31 (Re8-e1) (=6)} (23... Re1+ $5 24. Qxe1 Qxf4 $14) 24. Rb1 {[%emt 0:00:35] CPLX 3.2 2 (h2-h4) (=4)} h5 {[%emt 0:07:57] CPLX 3.1 73 (Nc6-d4) (=11)} (24... Nd4 $14 25. Bc4 Qd6) 25. h4 {[%emt 0:01:12] aiming for Rxf7. MISSDEEP-Ba2-c4 43 (Ba2-c4) (=6)} Nd4 {[%emt 0:03:22] [#] Hoping for ...Ne2+. CPLX 3.0} 26. Bc4 {[%emt 0:00:33] EASY} Qd6 {[%emt 0:01:34] CPLX 2.9 53 (Nd4-e6) (=13)} ({Black should play} 26... Ne6 $1 $14 27. Bxe6 Rxe6) 27. g3 $16 {[%emt 0:03:51] DEEPSTRONG. White is better.} Ne2+ {[%emt 0:03:07] EASY} 28. Bxe2 {[%emt 0:00:13] EASY} Rxe2 {[%emt 0:00:01] RECAPT} 29. Qc4 {[%emt 0:01:41] CPLX 2.3} Re6 {[%emt 0:00:42] CPLX 3.2 16 (Re2-e7) (=12)} 30. Rc1 {[%emt 0:02:28] Weighted Error Value: White=0.05 (flawless) /Black=0.17 (very precise)} 1/2-1/2